| TOP OF THE 1ST |
|
Kansas City Royals batting - Pitching for Milwaukee Creams : RHP Mark Portugal
|
|
Pitching: RHP Mark Portugal
|
|
|
Batting: SHB Quilvio Veras
|
0-0: Called Strike 0-1: Swinging Strike 0-2: Ball 1-2: Ball 2-2: Ball 3-2: Foul Ball, location: 2F 3-2: SINGLE (Groundball, 6MD, EV 101.3 MPH)
|
|
Batting: SHB Roberto Alomar
|
0-0: Ball 1-0: Fly out, F8 (Flyball, 8RS, EV 91.9 MPH)
|
|
Batting: LHB Jeromy Burnitz
|
0-0: Ball 1-0: Fielders Choice at 2nd, U6 (Groundball, 4M, EV 101.9 MPH)
|
|
Batting: LHB Ray Lankford
|
0-0: Called Strike 0-1: Swinging Strike 0-2: Foul Ball, location: 2F 0-2: Ball 1-2: Ground out U3 (Groundball, 3, EV 85.6 MPH)
|
| Top of the 1st over - 0 runs, 1 hit, 0 errors, 1 left on base; Kansas City 0 - Milwaukee 0 |
| BOTTOM OF THE 1ST |
|
Milwaukee Creams batting - Pitching for Kansas City Royals : LHP Rheal Cormier
|
|
Pitching: LHP Rheal Cormier
|
|
|
Batting: RHB Mark Loretta
|
0-0: Ball 1-0: Ball 2-0: Ball 3-0: Base on Balls
|
|
Batting: SHB Chipper Jones
|
0-0: Ball 1-0: Called Strike 1-1: Ball 2-1: Ball 3-1: SINGLE (Groundball, 34D, EV 105.0 MPH) Mark Loretta to second Runner from 2nd tries for 3rd, SAFE, throw by RF made to third
|
|
Batting: SHB Ken Caminiti
|
0-0: Foul Ball, location: 2F 0-1: Ball 1-1: Swinging Strike 1-2: 3-RUN HOME RUN (Flyball, 7D, EV 98.8 MPH), Distance : 367 ft
|
|
Batting: LHB Carlos Delgado
|
0-0: Foul Ball, location: 2F 0-1: Ball 1-1: Ball 2-1: Foul Ball, location: 2F 2-2: Strikes out swinging
|
|
Batting: LHB John Elway
|
0-0: Ball 1-0: Ball 2-0: Ball 3-0: Called Strike 3-1: Called Strike 3-2: Strikes out looking
|
|
Batting: LHB Steve Finley
|
0-0: Fly out, F7 (Flyball, 7LM, EV 84.4 MPH)
|
| Bottom of the 1st over - 3 runs, 2 hits, 0 errors, 0 left on base; Kansas City 0 - Milwaukee 3 |
| TOP OF THE 2ND |
|
Kansas City Royals batting - Pitching for Milwaukee Creams : RHP Mark Portugal
|
|
Batting: RHB Barry Larkin
|
0-0: Ball 1-0: Called Strike 1-1: SINGLE (Groundball, 4MS, EV 65.0 MPH) (infield hit)
|
|
Batting: LHB Rick Wilkins
|
0-0: Foul Ball, location: 2F 0-1: SINGLE (Line Drive, 8RS, EV 96.3 MPH) Barry Larkin to second Runner from 2nd tries for 3rd, SAFE, no throw by CF
|
|
Batting: RHB Andruw Jones
|
0-0: Called Strike 0-1: Called Strike 0-2: Strikes out swinging
|
|
Batting: RHB Randy Milligan
|
0-0: Foul Ball, location: 2F 0-1: Foul Ball, location: 2F 0-2: Strikes out swinging
|
|
Batting: RHB Reggie L. Sanders
|
0-0: Ball 1-0: Swinging Strike 1-1: Ball 2-1: SINGLE (Line Drive, 5D, EV 97.5 MPH) Barry Larkin scores Rick Wilkins to second
|
|
Batting: SHB Quilvio Veras
|
0-0: Called Strike 0-1: Ball 1-1: Ball 2-1: Ball 3-1: Base on Balls Rick Wilkins to third Reggie L. Sanders to second
|
|
Batting: SHB Roberto Alomar
|
0-0: Foul Ball, location: 2F 0-1: Foul Ball, location: 2F 0-2: Foul Ball, location: 2F 0-2: Ball 1-2: Ball 2-2: Foul Ball, location: 2F 2-2: Ball 3-2: Ground out 4-3 (Groundball, 34D, EV 97.5 MPH)
|
| Top of the 2nd over - 1 run, 3 hits, 0 errors, 3 left on base; Kansas City 1 - Milwaukee 3 |
| BOTTOM OF THE 2ND |
|
Milwaukee Creams batting - Pitching for Kansas City Royals : LHP Rheal Cormier
|
|
Batting: RHB Brad Ausmus
|
0-0: Swinging Strike 0-1: Foul Ball, location: 2F 0-2: Ball 1-2: Ground out 3-1 (Groundball, 34S, EV 81.9 MPH)
|
|
Batting: RHB Rey Sanchez
|
0-0: Ground out 4-3 (Groundball, 4, EV 86.3 MPH)
|
|
Batting: LHB Tom Goodwin
|
0-0: Called Strike 0-1: Ball 1-1: Swinging Strike 1-2: Foul Ball, location: 2F 1-2: Ball 2-2: Ball 3-2: Strikes out looking
|
| Bottom of the 2nd over - 0 runs, 0 hits, 0 errors, 0 left on base; Kansas City 1 - Milwaukee 3 |
| TOP OF THE 3RD |
|
Kansas City Royals batting - Pitching for Milwaukee Creams : RHP Mark Portugal
|
|
Batting: LHB Jeromy Burnitz
|
0-0: Ball 1-0: Called Strike 1-1: Ground out 4-3 (Groundball, 4, EV 98.1 MPH)
|
|
Batting: LHB Ray Lankford
|
0-0: Ball 1-0: Ball 2-0: Bunt missed! 2-1: TRIPLE (Flyball, 78XD, EV 97.5 MPH)
|
|
Batting: RHB Barry Larkin
|
0-0: SINGLE (Groundball, 56D, EV 108.1 MPH) Ray Lankford scores
|
|
Batting: LHB Rick Wilkins
|
0-0: Called Strike 0-1: Ball 1-1: Ball 2-1: Foul Ball, location: 2F 2-2: Fly out, F8 (Flyball, 8LM, EV 96.9 MPH)
|
|
Batting: RHB Andruw Jones
|
Pickoff Throw to First - Out! 1-3
|
| Top of the 3rd over - 1 run, 2 hits, 0 errors, 0 left on base; Kansas City 2 - Milwaukee 3 |
| BOTTOM OF THE 3RD |
|
Milwaukee Creams batting - Pitching for Kansas City Royals : LHP Rheal Cormier
|
|
Batting: RHB Mark Loretta
|
0-0: Ball 1-0: Ball 2-0: Ground out U3 (Groundball, 34, EV 101.9 MPH)
|
|
Batting: SHB Chipper Jones
|
0-0: Called Strike 0-1: SINGLE (Groundball, 4MD, EV 104.4 MPH)
|
|
Batting: SHB Ken Caminiti
|
0-0: Called Strike 0-1: Ball 1-1: Called Strike 1-2: Foul Ball, location: 2F 1-2: Foul Ball, location: 2F 1-2: Grounds into double play, 6-4-3 (Groundball, 6, EV 103.8 MPH)
|
| Bottom of the 3rd over - 0 runs, 1 hit, 0 errors, 0 left on base; Kansas City 2 - Milwaukee 3 |
| TOP OF THE 4TH |
|
Kansas City Royals batting - Pitching for Milwaukee Creams : RHP Mark Portugal
|
|
Batting: RHB Andruw Jones
|
0-0: Called Strike 0-1: Called Strike 0-2: Strikes out swinging
|
|
Batting: RHB Randy Milligan
|
0-0: Called Strike 0-1: Ball 1-1: Ball 2-1: Fly out, F8 (Flyball, 78D, EV 105.6 MPH)
|
|
Batting: RHB Reggie L. Sanders
|
0-0: Ball 1-0: Called Strike 1-1: Ball 2-1: Fly out, F7 (Line Drive, 7S, EV 96.3 MPH)
|
| Top of the 4th over - 0 runs, 0 hits, 0 errors, 0 left on base; Kansas City 2 - Milwaukee 3 |
| BOTTOM OF THE 4TH |
|
Milwaukee Creams batting - Pitching for Kansas City Royals : LHP Rheal Cormier
|
|
Batting: LHB Carlos Delgado
|
0-0: Foul Ball, location: 2F 0-1: Ball 1-1: Called Strike 1-2: Ball 2-2: Foul Ball, location: 2F 2-2: Ball 3-2: Foul Ball, location: 2F 3-2: Hit by Pitch
|
|
Batting: LHB John Elway
|
0-0: Called Strike 0-1: Foul Ball, location: 2F 0-2: Foul Ball, location: 2F 0-2: Ball 1-2: Ball 2-2: Fly out, F5 (Popup, 5SF, EV 66.9 MPH)
|
|
Batting: LHB Steve Finley
|
0-0: Ball 1-0: Ball 2-0: Ball 3-0: Fly out, F9 (Flyball, 89D, EV 104.4 MPH)
|
|
Batting: RHB Brad Ausmus
|
0-0: Ball 1-0: Fly out, F8 (Flyball, 8RS, EV 91.9 MPH)
|
| Bottom of the 4th over - 0 runs, 0 hits, 0 errors, 1 left on base; Kansas City 2 - Milwaukee 3 |
| TOP OF THE 5TH |
|
Kansas City Royals batting - Pitching for Milwaukee Creams : RHP Mark Portugal
|
|
Batting: SHB Quilvio Veras
|
0-0: Foul Ball, location: 2F 0-1: Called Strike 0-2: Ball 1-2: Fly out, F1 (Line Drive, P, EV 74.4 MPH)
|
|
Batting: SHB Roberto Alomar
|
0-0: Called Strike 0-1: Ball 1-1: Fly out, F7 (Line Drive, 7D, EV 93.8 MPH)
|
|
Batting: LHB Jeromy Burnitz
|
0-0: Ball 1-0: SOLO HOME RUN (Flyball, 9LD, EV 93.8 MPH), Distance : 336 ft
|
|
Batting: LHB Ray Lankford
|
0-0: Ball 1-0: Ball 2-0: Ball 3-0: Base on Balls
|
|
Batting: RHB Barry Larkin
|
0-0: Called Strike Ray Lankford steals 2nd base 0-1: Ball 1-1: Ground out 5-3 (Groundball, 56, EV 82.5 MPH)
|
| Top of the 5th over - 1 run, 1 hit, 0 errors, 1 left on base; Kansas City 3 - Milwaukee 3 |
| BOTTOM OF THE 5TH |
|
Milwaukee Creams batting - Pitching for Kansas City Royals : LHP Rheal Cormier
|
|
Batting: RHB Rey Sanchez
|
0-0: Ball 1-0: Called Strike 1-1: Foul Ball, location: 2F 1-2: SINGLE (Line Drive, 89S, EV 112.5 MPH)
|
|
Batting: LHB Tom Goodwin
|
0-0: Ball 1-0: Bunt missed! 1-1: Sac Bunt to 3S - play at first, batter OUT! 3-1 Rey Sanchez to second
|
|
Batting: RHB Mark Loretta
|
0-0: Ball 1-0: Ball 2-0: Swinging Strike 2-1: Ball 3-1: Base on Balls
|
|
Batting: SHB Chipper Jones
|
0-0: Ball 1-0: SINGLE (Groundball, 5D, EV 108.8 MPH) Rey Sanchez to third Mark Loretta to second
|
|
Batting: SHB Ken Caminiti
|
0-0: Ball 1-0: SINGLE (Groundball, 6D, EV 96.9 MPH) Rey Sanchez scores Mark Loretta to third Chipper Jones to second Runner from 3rd tries for Home, SAFE, no throw by LF
|
|
Batting: LHB Carlos Delgado
|
0-0: Ball 1-0: Ball 2-0: Ball 3-0: Hit by Pitch Chipper Jones to third Ken Caminiti to second
|
|
Batting: LHB John Elway
|
0-0: Ball 1-0: Called Strike 1-1: Ground out 5-3 (Groundball, 56, EV 81.9 MPH) Chipper Jones scores Ken Caminiti to third Carlos Delgado to second
|
|
Batting: LHB Steve Finley
|
0-0: Ball 1-0: Foul Ball, location: 2F 1-1: Ball 2-1: Called Strike 2-2: Strikes out swinging
|
| Bottom of the 5th over - 3 runs, 3 hits, 0 errors, 2 left on base; Kansas City 3 - Milwaukee 6 |
| TOP OF THE 6TH |
|
Kansas City Royals batting - Pitching for Milwaukee Creams : RHP Mark Portugal
|
|
Batting: LHB Rick Wilkins
|
0-0: Ball 1-0: Ground out 6-3 (Groundball, 6, EV 101.9 MPH)
|
|
Batting: RHB Andruw Jones
|
0-0: Swinging Strike 0-1: Called Strike 0-2: Ball 1-2: Ball 2-2: Foul Ball, location: 2F 2-2: Foul Ball, location: 2F 2-2: Ground out 1-3 (Groundball, 13, EV 90.6 MPH)
|
|
Batting: RHB Randy Milligan
|
0-0: Ball 1-0: Foul Ball, location: 2F 1-1: Ground out 6-3 (Groundball, 6, EV 79.4 MPH)
|
| Top of the 6th over - 0 runs, 0 hits, 0 errors, 0 left on base; Kansas City 3 - Milwaukee 6 |
| BOTTOM OF THE 6TH |
|
Milwaukee Creams batting - Pitching for Kansas City Royals : LHP Rheal Cormier
|
|
Batting: RHB Brad Ausmus
|
0-0: Ball 1-0: SINGLE (Groundball, 56D, EV 94.4 MPH)
|
|
Batting: RHB Rey Sanchez
|
0-0: Ball 1-0: SINGLE (Line Drive, 5, EV 68.1 MPH) (infield hit) Brad Ausmus to second
|
|
Batting: LHB Tom Goodwin
|
0-0: Bunt missed! 0-1: Bunt missed! 0-2: Fielders Choice at 2nd, 6-4 (Groundball, 6M, EV 85.0 MPH) Brad Ausmus to third
|
|
Batting: RHB Mark Loretta
|
0-0: Ball 1-0: Ball 2-0: Fly out, F7 (Flyball, 7LS, EV 84.4 MPH)
|
|
Batting: SHB Chipper Jones
|
0-0: Ball 1-0: Ball 2-0: Ball 3-0: Called Strike 3-1: Reached on error, E4 (Groundball, 4, EV 80.6 MPH) Brad Ausmus scores Tom Goodwin to third
|
|
Pitching: RHP Gregg Olson
|
|
|
Batting: SHB Ken Caminiti
|
0-0: Ball 1-0: Called Strike 1-1: Ground out 6-3 (Groundball, 6M, EV 81.9 MPH)
|
| Bottom of the 6th over - 1 run, 2 hits, 1 error, 2 left on base; Kansas City 3 - Milwaukee 7 |
| TOP OF THE 7TH |
|
Kansas City Royals batting - Pitching for Milwaukee Creams : RHP Mark Portugal
|
|
Pitching: RHP Wes Gardner
|
|
|
Batting: RHB Reggie L. Sanders
|
0-0: Called Strike 0-1: Ball 1-1: Called Strike 1-2: Strikes out swinging
|
|
Batting: SHB Quilvio Veras
|
0-0: Fly out, F4 (Popup, 4M, EV 65.0 MPH)
|
|
Batting: SHB Roberto Alomar
|
0-0: Called Strike 0-1: Ball 1-1: Ball 2-1: Ground out 1-3 (Groundball, 15, EV 65.0 MPH)
|
| Top of the 7th over - 0 runs, 0 hits, 0 errors, 0 left on base; Kansas City 3 - Milwaukee 7 |
| BOTTOM OF THE 7TH |
|
Milwaukee Creams batting - Pitching for Kansas City Royals : RHP Gregg Olson
|
|
Batting: LHB Carlos Delgado
|
0-0: Ball 1-0: Ball 2-0: Ball 3-0: Called Strike 3-1: Base on Balls
|
|
Batting: LHB John Elway
|
0-0: Called Strike 0-1: Ball 1-1: Foul Ball, location: 2F 1-2: Ball 2-2: Foul Ball, location: 2F 2-2: Ball 3-2: Hit by Pitch Carlos Delgado to second
|
|
Batting: LHB Steve Finley
|
0-0: Sac Bunt to 25 - play at first, batter safe! Carlos Delgado to third John Elway to second
|
|
Batting: RHB Brad Ausmus
|
0-0: Called Strike 0-1: Ball 1-1: Called Strike 1-2: Strikes out looking
|
|
Batting: RHB Rey Sanchez
|
0-0: Ball 1-0: Foul Ball, location: 2F 1-1: Ball 2-1: Ball 3-1: SINGLE (Groundball, 34D, EV 94.4 MPH) Carlos Delgado scores John Elway to third Steve Finley to second Runner from 3rd tries for Home, SAFE, throw by RF to home
|
|
Batting: LHB Tom Goodwin
|
0-0: Ball 1-0: Called Strike 1-1: Swinging Strike 1-2: Ball 2-2: Fly out, F8 (Flyball, 8LS, EV 71.3 MPH)
|
|
Batting: RHB Mark Loretta
|
0-0: Swinging Strike 0-1: Ground out 4-3 (Groundball, 4, EV 85.0 MPH)
|
| Bottom of the 7th over - 2 runs, 2 hits, 0 errors, 2 left on base; Kansas City 3 - Milwaukee 9 |
| TOP OF THE 8TH |
|
Kansas City Royals batting - Pitching for Milwaukee Creams : RHP Wes Gardner
|
|
Batting: LHB Jeromy Burnitz
|
0-0: Called Strike 0-1: Ball 1-1: Ball 2-1: Ball 3-1: Base on Balls
|
|
Batting: LHB Ray Lankford
|
0-0: Called Strike 0-1: Ball Wild Pitch! Jeromy Burnitz to second 1-1: Ball 2-1: Ball 3-1: Base on Balls
|
|
Batting: RHB Barry Larkin
|
0-0: Called Strike 0-1: Called Strike 0-2: Ball 1-2: Ball 2-2: SINGLE (Groundball, 6MD, EV 101.3 MPH) Jeromy Burnitz to third Ray Lankford to second Runner from 3rd tries for Home, SAFE, throw by CF to home
|
|
Pitching: RHP Phil Leftwich
|
|
|
Batting: LHB Rick Wilkins
|
0-0: Ball 1-0: Ball 2-0: Ball 3-0: Base on Balls Ray Lankford to third Barry Larkin to second
|
|
Batting: RHB Andruw Jones
|
0-0: Ball 1-0: Ball 2-0: Foul Ball, location: 2F 2-1: Swinging Strike 2-2: Fly out, F8 (Flyball, 8LM, EV 90.6 MPH) Runner from 3rd tags up, SCORES, throw by CF
|
|
Batting: RHB Randy Milligan
|
0-0: Foul Ball, location: 2F 0-1: Called Strike 0-2: Hit by Pitch Barry Larkin to third Rick Wilkins to second
|
|
Pitching: LHP Rob Murphy
|
|
|
Batting: RHB Reggie L. Sanders
|
0-0: Called Strike 0-1: Ball 1-1: Called Strike 1-2: Ball 2-2: GRAND SLAM HOME RUN (Flyball, 7LD, EV 86.3 MPH), Distance : 340 ft
|
|
Batting: SHB Quilvio Veras
|
0-0: Ball 1-0: Called Strike 1-1: Foul Ball, location: 2F 1-2: Ball 2-2: Ball 3-2: Foul Ball, location: 2F 3-2: Foul Ball, location: 2F 3-2: Fly out, F8 (Line Drive, 8RM, EV 86.3 MPH)
|
|
Batting: SHB Roberto Alomar
|
0-0: Ball 1-0: Ball 2-0: Foul Ball, location: 2F 2-1: DOUBLE (Groundball, 5L, EV 102.5 MPH)
|
|
Batting: LHB Jeromy Burnitz
|
0-0: Ball 1-0: Called Strike 1-1: Ball 2-1: Called Strike 2-2: Ball 3-2: Foul Ball, location: 2F 3-2: Base on Balls
|
|
Batting: LHB Ray Lankford
|
0-0: Swinging Strike 0-1: Swinging Strike 0-2: Ball 1-2: Ball 2-2: Ball 3-2: Base on Balls Roberto Alomar to third Jeromy Burnitz to second
|
|
Batting: RHB Barry Larkin
|
0-0: Fielders Choice at 2nd, 6-4 (Groundball, 6, EV 90.6 MPH)
|
| Top of the 8th over - 6 runs, 3 hits, 0 errors, 3 left on base; Kansas City 9 - Milwaukee 9 |
| BOTTOM OF THE 8TH |
|
Milwaukee Creams batting - Pitching for Kansas City Royals : RHP Gregg Olson
|
|
Batting: SHB Chipper Jones
|
0-0: Foul Ball, location: 2F 0-1: Ball 1-1: Ground out 6-3 (Groundball, 6, EV 91.3 MPH)
|
|
Batting: SHB Ken Caminiti
|
0-0: Ball 1-0: Fly out, F9 (Flyball, 9D, EV 97.5 MPH)
|
|
Batting: LHB Carlos Delgado
|
0-0: Called Strike 0-1: Foul Ball, location: 2F 0-2: Foul Ball, location: 2F 0-2: Ball 1-2: Strikes out swinging
|
| Bottom of the 8th over - 0 runs, 0 hits, 0 errors, 0 left on base; Kansas City 9 - Milwaukee 9 |
| TOP OF THE 9TH |
|
Kansas City Royals batting - Pitching for Milwaukee Creams : LHP Rob Murphy
|
|
Pinch Hitting: RHB Richard Hidalgo
|
0-0: Ball 1-0: Called Strike 1-1: Called Strike 1-2: Foul Ball, location: 2F 1-2: Foul Ball, location: 2F 1-2: Fly out, F4 (Popup, 34D, EV 64.4 MPH)
|
|
Batting: RHB Andruw Jones
|
0-0: Ball 1-0: Ball 2-0: Fly out, F8 (Line Drive, 8RM, EV 89.4 MPH)
|
|
Batting: RHB Randy Milligan
|
0-0: Ball 1-0: Ball 2-0: Called Strike 2-1: DOUBLE (Flyball, 89XD, EV 105.6 MPH)
|
|
Pitching: LHP Jeff Calhoun
|
|
|
Batting: RHB Reggie L. Sanders
|
0-0: Ball 1-0: Foul Ball, location: 2F 1-1: Ball 2-1: Called Strike 2-2: Ball 3-2: Foul Ball, location: 2F 3-2: Strikes out swinging
|
| Top of the 9th over - 0 runs, 1 hit, 0 errors, 1 left on base; Kansas City 9 - Milwaukee 9 |
| BOTTOM OF THE 9TH |
|
Milwaukee Creams batting - Pitching for Kansas City Royals : RHP Gregg Olson
|
|
Now at C: Tony Eusebio
|
|
|
Batting: LHB John Elway
|
0-0: Ball 1-0: Ball 2-0: Ball 3-0: Base on Balls
|
|
Pitching: LHP Justin Thompson
|
|
|
Batting: LHB Steve Finley
|
0-0: Sac Bunt to 25 - play at first, batter OUT! 5-4 John Elway to second
|
|
Pitching: RHP Rod Beck
|
|
|
Pinch Hitting: LHB Tyler Houston
|
0-0: Intentional Walk
|
|
Batting: RHB Rey Sanchez
|
0-0: Ball 1-0: Bunt missed! 1-1: Bunt missed! 1-2: Fly out, F7 (Flyball, 7S, EV 91.9 MPH)
|
|
Pitching: RHP John Habyan
|
|
|
Batting: LHB Tom Goodwin
|
0-0: Ball 1-0: Foul Ball, location: 2F 1-1: Called Strike 1-2: SINGLE (Line Drive, 4MD, EV 96.3 MPH) John Elway to third Tyler Houston to second Runner from 3rd tries for Home, throw by CF and OUT! 8-2
|
| Bottom of the 9th over - 0 runs, 1 hit, 0 errors, 2 left on base; Kansas City 9 - Milwaukee 9 |
| TOP OF THE 10TH |
|
Kansas City Royals batting - Pitching for Milwaukee Creams : LHP Jeff Calhoun
|
|
Now at C: Tyler Houston
|
|
|
Batting: SHB Quilvio Veras
|
0-0: Called Strike 0-1: Called Strike 0-2: Strikes out swinging
|
|
Batting: SHB Roberto Alomar
|
0-0: Ball 1-0: Foul Ball, location: 2F 1-1: Foul Ball, location: 2F 1-2: Fly out, F9 (Flyball, 9LM, EV 75.6 MPH)
|
|
Batting: LHB Jeromy Burnitz
|
0-0: Ball 1-0: Swinging Strike 1-1: Foul Ball, location: 2F 1-2: Foul Ball, location: 2F 1-2: Strikes out swinging
|
| Top of the 10th over - 0 runs, 0 hits, 0 errors, 0 left on base; Kansas City 9 - Milwaukee 9 |
| BOTTOM OF THE 10TH |
|
Milwaukee Creams batting - Pitching for Kansas City Royals : RHP John Habyan
|
|
Batting: RHB Mark Loretta
|
0-0: Ball 1-0: Ball 2-0: Called Strike 2-1: Ground out 4-3 (Groundball, 4, EV 90.0 MPH)
|
|
Batting: SHB Chipper Jones
|
0-0: Called Strike 0-1: DOUBLE (Groundball, 5L, EV 108.8 MPH)
|
|
Batting: SHB Ken Caminiti
|
0-0: Ball 1-0: Fly out, F6 (Popup, 6MD, EV 64.4 MPH)
|
|
Batting: LHB Carlos Delgado
|
0-0: Intentional Walk
|
|
Pinch Runner at 2nd Ken R. Williams:
|
|
|
Batting: LHB John Elway
|
0-0: Called Strike 0-1: Ball 1-1: Ball 2-1: Ball 3-1: Called Strike 3-2: Base on Balls Ken R. Williams to third Carlos Delgado to second
|
|
Batting: LHB Steve Finley
|
0-0: Called Strike 0-1: Swinging Strike 0-2: Foul Ball, location: 2F 0-2: Ball 1-2: SINGLE (Flyball, 78S, EV 90.6 MPH) Ken R. Williams scores
|
 |
|
Monday, March 2nd, 2026 - OOTP Baseball 20.8 Build 74
|
|